 Seeded DCSS version 0.30.1-6-gbe392663c4 (webtiles) character file.

Game seed: 15355723370913860151 (custom seed)

18 Psyclone the Stinger (level 2, 17/17 HPs)
             Began as an Octopode Venom Mage on Sept 20, 2023.
             Quit the game on level 2 of the Dungeon.
             The game lasted 00:03:16 (476 turns).

Psyclone the Stinger (Octopode Venom Mage)           Turns: 476, Time: 00:03:17

Health: 17/17      AC:  1    Str:  7    XL:     2   Next: 70%
Magic:  2/5        EV: 13    Int: 17    God:
Gold:   1079       SH:  0    Dex: 12    Spells: 2/5 levels left

rFire   . . .        a - +0 dagger (speed)
rCold   . . .        (no shield)
rNeg    . . .        (helmet restricted)
rPois   .            (no amulet)
rElec   .            (no ring)
rCorr   .            (no ring)
SInv    .            (no ring)
Will    .....        (no ring)
Stlth   +++          (no ring)
HPRegen 0.22/turn    (no ring)
MPRegen 0.09/turn    (no ring)
                     (no ring)

%: no passive effects
@: no status effects
A: almost no armour, amphibious, 8 rings, camouflage 1, gelatinous body 1,
(nimble swimmer 1), tentacles
a: no special abilities


You were on level 2 of the Dungeon.
You visited 1 branch of the dungeon, and saw 2 of its levels.

You collected 1079 gold pieces.

Inventory:

Hand Weapons
 a - a +0 dagger of speed (weapon)
Wands
 d - a wand of charming (10)
Scrolls
 b - 3 scrolls of fog {unknown}
Potions
 c - a potion of magic
 e - 2 potions of mutation {unknown}


   Skills:
 - Level 2.1 Dodging
 - Level 2.8 Stealth
 - Level 2.0 Spellcasting
 - Level 1.1 Transmutations
 + Level 4.4 Poison Magic


You had 2 spell levels left.
You knew the following spells:

 Your Spells              Type           Power      Damage    Failure   Level
a - Poisonous Vapours     Pois/Air       18%        N/A       12%         2
v - Sting                 Tmut/Pois      44%        1d5       6%          1

Your spell library contained the following spells:

 Spells                   Type           Power      Damage    Failure   Level
 Blink                    Tloc           2%         N/A       28%         2
 Lesser Beckoning         Tloc           2%         N/A       28%         2
 Momentum Strike          Conj/Tloc      2%         3d8       28%         2
 Mephitic Cloud           Conj/Pois/Air  6%         N/A       30%         3
 Olgreb's Toxic Radiance  Pois           17%        N/A       30%         4
 Summon Guardian Golem    Hex/Summ       1%         N/A       50%         3
 Orb of Destruction       Conj           0%         9d5       100%        7
 Spellforged Servitor     Conj/Summ      0%         N/A       100%        7


Dungeon Overview and Level Annotations

Branches:
Dungeon (2/15) Zot: 11527

Altars:


Innate Abilities, Weirdness & Mutations

You cannot wear most types of armour.
You are amphibious.
You can wear up to eight rings at the same time.
Your skin changes colour to match your surroundings (Stealth+).
Your rubbery body absorbs attacks. (AC +1, EV +1)
((You are camouflaged when in or above water. (Stealth+)))
You have tentacles for arms and can constrict up to eight enemies at once.


Message History

Casting: Poisonous Vapours (safe; 12% risk of failure)
Confirm with . or Enter, or press ? or * to list all spells.
Aiming: Poisonous Vapours (safe; 12% risk of failure)
Press: ? - help, Dir - move target, f - rat
Aim: a rat (asleep) Poisonous vapours surround the rat!
The rat is poisoned.
You now have 3/5 mp.
You kill the rat!
You start resting.
Magic restored.
MP restored: 5 A dart slug comes into view.
You see here a rat corpse.
Casting: Poisonous Vapours (safe; 12% risk of failure)
Confirm with . or Enter, or press ? or * to list all spells.
Aiming: Poisonous Vapours (safe; 12% risk of failure)
Press: ? - help, Dir - move target, f - dart slug
Aim: a dart slug (asleep) Poisonous vapours surround the dart slug!
The dart slug is poisoned.
You now have 3/5 mp.
Casting: Poisonous Vapours (safe; 12% risk of failure)
Confirm with . or Enter, or press ? or * to list all spells.
Aiming: Poisonous Vapours (safe; 12% risk of failure)
Press: ? - help, Dir - move target, f/p - dart slug
Aim: a dart slug (lightly wounded, poisoned) Poisonous vapours surround the dart slug!
The dart slug looks even sicker.
You now have 1/5 mp.
You kill the dart slug!
Found 2 scrolls labelled XINEFO PERAKKI.
f - 2 scrolls labelled XINEFO PERAKKI This is a scroll of acquirement!
You see here a book of Spatial Translocations.
Something appears before you!
You pick up a book of Spatial Translocations and begin reading...
You add the spells Blink, Momentum Strike and Lesser Beckoning to your library.
Something appears before you!
You now have 1079 gold pieces (gained 1061).
Are you sure you want to abandon this character and quit the game? (Confirm with "yes".)

#.....†####### .$
######.......##..
#..........
#.......♣♣♣
#......♣♣
#......♣
####.#..♣
#.##.♣♣♣♣♣
#.@.......
##....#### ######


There were no monsters in sight!

Vanquished Creatures
  2 dart slugs
  An endoplasm (D:2)
  5 hobgoblins (D:2)
  3 kobolds
  3 rats (D:2)
14 creatures vanquished.

Notes
Turn   | Place    | Note
-------+----------+-------------------------------------------
     0 | D:1      | Psyclone the Octopode Venom Mage began the quest for the
                  | Orb.
     0 | D:1      | Reached XP level 1. HP: 11/11 MP: 3/3
   143 | D:2      | Reached XP level 2. HP: 17/17 MP: 3/5
   169 | D:2      | Learned a level 2 spell: Poisonous Vapours
   175 | D:2      | Reached skill level 4 in Poison Magic
   472 | D:2      | Identified 2 scrolls of acquirement
   472 | D:2      | Acquired a book of Spatial Translocations
   474 | D:2      | Acquired 1061 gold pieces
   476 | D:2      | Quit the game

Illustrated notes

Levels and vault maps discovered:
D:1:      psy_arrival_whirlpool, layout_basic, nicolae_shop_unique_rings,
          minmay_octomino_j4
D:2:      layout_basic, minmay_misc_feat_square, nrook_campfire,
          glass_columns_b, eino_curves_03, minmay_crystal_room,
          grunt_ministairs_5, st_stairs_10

Skill      XL: |  1  2 |
---------------+-------+-----
Poison Magic   | 4 |  4.4
Dodging        | |  2.1
Stealth        | |  2.8
Spellcasting   | |  2.0
Transmutations | |  1.1

Action                     || total
---------------------------++-------
  Melee: Unarmed           ||     4
         Dagger            ||    10
         Tentacles         ||     4
         Constrict         ||     4
         Punch             ||     3
   Cast: Sting             ||     6
         Poisonous Vapours ||    11
    Use: Scroll            ||     2
   Stab: Sleeping          ||     1
  Dodge: Dodged            ||     5
